 Dungeon Crawl Stone Soup version 0.26-a0-708-g17f3b190f9 (webtiles) character file.

Game seed: 7393134355836973815

754 robertstho the Firebug (level 7, -4/51 HPs)
             Began as a Gnoll Fire Elementalist on Oct 27, 2020.
             Slain by a lemure (8 damage)
             ... led by Pikel
             ... while paralysed by Pikel
             ... on level 4 of the Dungeon.
             The game lasted 00:05:58 (3222 turns).

robertstho the Firebug (Gnoll Fire Elementalist)    Turns: 3222, Time: 00:05:59

Health: -4/51      AC:  2    Str: 10    XL:     7   Next: 79%
Magic:  11/15      EV:  2    Int: 19    God:
Gold:   161        SH:  0    Dex: 16    Spells: 4/17 levels left

rFire    . . .     SeeInvis .   s - -1 long sword (curse)
rCold    . . .     Faith    .   (no shield)
rNeg     . . .     Spirit   .   a - +0 robe
rPois    .         Reflect  .   (no helmet)
rElec    .         Harm     .   (no cloak)
rCorr    .         Rampage  .   (no gloves)
MR       .....                  (no boots)
Stlth    +++.......             (no amulet)
HPRegen  0.17/turn              r - ring of flight
MPRegen  0.14/turn              (no ring)

@: paralysed, very slightly contaminated
A: distributed training, fangs 1, strong nose
a: Evoke Flight


You were on level 4 of the Dungeon.
You visited 1 branch of the dungeon, and saw 4 of its levels.

You collected 161 gold pieces.

Inventory:

Hand Weapons
 b - a +0 dagger
 q - a +0 war axe of freezing
 s - a cursed -1 long sword (weapon)
Missiles
 w - 8 javelins (quivered)
Armour
 a - a +0 robe (worn)
Jewellery
 r - a ring of flight (left hand)
Wands
 v - a wand of flame (14)
Scrolls
 i - a scroll of immolation {unknown}
 j - 2 scrolls of magic mapping {unknown}
 k - a scroll of fear {unknown}
 l - 5 scrolls of teleportation {unknown}
 t - a scroll of remove curse {unknown}
 x - a scroll of fog {unknown}
Potions
 c - 4 potions of curing
 d - a potion of degeneration {unknown}
 e - a potion of might {unknown}
 f - 2 potions of ambrosia {unknown}
 g - 4 potions of heal wounds {unknown}
 h - a potion of haste
 m - a potion of stabbing {unknown}
 n - 2 potions of mutation
 o - a potion of cancellation
 p - a potion of flight
 u - a potion of invisibility


   Skills:
 + Level 2.7 Fighting
 + Level 2.7 Short Blades
 + Level 2.7 Long Blades
 + Level 2.7 Axes
 + Level 2.7 Maces & Flails
 + Level 2.7 Polearms
 + Level 2.7 Staves
 + Level 2.7 Slings
 + Level 2.7 Bows
 + Level 2.7 Crossbows
 + Level 2.7 Throwing
 + Level 2.7 Armour
 + Level 5.3 Dodging
 + Level 5.0 Stealth
 + Level 2.7 Shields
 + Level 2.7 Unarmed Combat
 + Level 5.7 Spellcasting
 + Level 3.1 Conjurations
 + Level 2.2 Hexes
 + Level 2.2 Summonings
 + Level 2.2 Necromancy
 + Level 2.2 Translocations
 + Level 2.2 Transmutations
 + Level 5.9 Fire Magic
 + Level 2.2 Ice Magic
 + Level 2.2 Air Magic
 + Level 2.2 Earth Magic
 + Level 2.2 Poison Magic
 + Level 3.0 Invocations
 + Level 2.7 Evocations


You had 4 spell levels left.
You knew the following spells:

 Your Spells              Type           Power        Failure   Level
a - Foxfire               Conj/Fire      ###.         1%          1
b - Conjure Flame         Conj/Fire      ###.....     5%          3
c - Sticky Flame          Conj/Fire      ###.....     19%         4
d - Fireball              Conj/Fire      ###.......   45%         5

Your spell library contained the following spells:

 Spells                   Type           Power        Failure   Level
 Inner Flame              Hex/Fire       ###.....     6%          3


Dungeon Overview and Level Annotations

Branches:
Dungeon (4/15)
 Temple: D:4-7

Altars:

Annotations:
D:4 Pikel


Innate Abilities, Weirdness & Mutations

Your experience applies equally to all skills.
You have very sharp teeth.
Your uncanny sense of smell can sniff out nearby items.


Message History

The spell is quite dangerous to cast (19% risk of failure)!
Continue anyway?
Aiming: Sticky Flame (quite dangerous; 19% risk of failure)
Press: ? - help, Shift-Dir - straight line, f - Pikel
Aim: Pikel, wielding a +2 whip of freezing, wearing a +0 robe and carrying a wand of paralysis (8) (fast)
You miscast Sticky Flame.
You are very lightly contaminated with residual magic.
Nothing appears to happen.
Pikel zaps a wand.
You suddenly lose the ability to move!
The lemure hits you.
Pikel hits you with a +2 whip of freezing.
Pikel freezes you.
Pikel hits you with a +2 whip of freezing.
Pikel freezes you. The lemure hits you.
Pikel hits you with a +2 whip of freezing!
* * * LOW HITPOINT WARNING * * *
Pikel freezes you.
* * * LOW HITPOINT WARNING * * *
The lemure hits you.
* * * LOW HITPOINT WARNING * * *
The lemure hits you!
You die...

###### #.# ###.....#
......##.######...5...##
...................#...#
.................##.##
.................#...#
.................#5..#
###..............#.#.#
###...########.##.##.#
## #....# #...K@55....#
.####....###....55.....#
.....##.........?.....##
.....##.#.##.....######
.................#
................>#
###.......>.....[#
....########.....# ..###
##


You could see Pikel (fast) and 4 lemures.

Vanquished Creatures
  Grinder (D:4)
  Sigmund (D:3)
  A scorpion (D:4)
  A howler monkey (D:4)
  An orc priest (D:3)
  A hound (D:4)
  4 orc wizards
  A worker ant (D:4)
  2 adders
  An ooze (D:3)
  An adder skeleton (D:4)
  2 worms
  10 orcs
  5 giant cockroaches
  5 goblins
  8 hobgoblins
  2 jackals (D:4)
  A quokka (D:3)
  2 ball pythons
  5 bats
  5 frilled lizards
  4 kobolds
  8 rats
72 creatures vanquished.

Vanquished Creatures (others)
  291 foxfires
291 creatures vanquished.

Grand Total: 363 creatures vanquished

Notes
Turn   | Place    | Note
-------+----------+-------------------------------------------
     0 | D:1      | robertstho the Gnoll Fire Elementalist began the quest for
                  | the Orb.
     0 | D:1      | Reached XP level 1. HP: 13/13 MP: 6/6
   339 | D:1      | Reached XP level 2. HP: 19/19 MP: 4/7
  1016 | D:2      | Reached skill level 5 in Spellcasting
  1016 | D:2      | Reached XP level 3. HP: 25/25 MP: 4/9
  1275 | D:2      | Reached skill level 1 in Invocations
  1388 | D:2      | You fall into a shaft and drop 1 floor!
  1404 | D:3      | Reached skill level 1 in Fighting
  1404 | D:3      | Reached skill level 1 in Short Blades
  1404 | D:3      | Reached skill level 1 in Long Blades
  1404 | D:3      | Reached skill level 1 in Axes
  1404 | D:3      | Reached skill level 1 in Maces & Flails
  1404 | D:3      | Reached skill level 1 in Polearms
  1404 | D:3      | Reached skill level 1 in Staves
  1404 | D:3      | Reached skill level 1 in Slings
  1404 | D:3      | Reached skill level 1 in Bows
  1404 | D:3      | Reached skill level 1 in Crossbows
  1404 | D:3      | Reached skill level 1 in Throwing
  1404 | D:3      | Reached skill level 1 in Armour
  1404 | D:3      | Reached skill level 1 in Shields
  1404 | D:3      | Reached skill level 1 in Unarmed Combat
  1404 | D:3      | Reached skill level 1 in Evocations
  1444 | D:3      | Reached XP level 4. HP: 32/32 MP: 1/11
  1446 | D:3      | Reached skill level 1 in Hexes
  1446 | D:3      | Reached skill level 1 in Summonings
  1446 | D:3      | Reached skill level 1 in Necromancy
  1446 | D:3      | Reached skill level 1 in Translocations
  1446 | D:3      | Reached skill level 1 in Transmutations
  1446 | D:3      | Reached skill level 1 in Ice Magic
  1446 | D:3      | Reached skill level 1 in Air Magic
  1446 | D:3      | Reached skill level 1 in Earth Magic
  1446 | D:3      | Reached skill level 1 in Poison Magic
  1478 | D:3      | Reached XP level 5. HP: 14/37 MP: 0/12
  1732 | D:3      | Noticed Sigmund
  1747 | D:3      | Killed Sigmund
  1747 | D:3      | Reached XP level 6. HP: 36/44 MP: 5/14
  1896 | D:3      | Reached skill level 5 in Dodging
  2617 | D:4      | Noticed Grinder
  2637 | D:4      | Paralysed by Grinder for 4 turns
  2644 | D:4      | Killed Grinder
  2644 | D:4      | Reached XP level 7. HP: 51/51 MP: 0/15
  2933 | D:4      | Reached skill level 5 in Stealth
  3076 | D:3      | Learned a level 3 spell: Conjure Flame
  3081 | D:3      | Learned a level 4 spell: Sticky Flame
  3087 | D:3      | Learned a level 5 spell: Fireball
  3216 | D:4      | Noticed Pikel
  3220 | D:4      | Paralysed by Pikel for 7 turns
  3222 | D:4      | Slain by a lemure

Illustrated notes

Levels and vault maps discovered:
D:1:      minmay_arrival_hallway, layout_basic
D:2:      minmay_chambers_of_twos, layout_basic
D:3:      layout_basic, uniq_sigmund
D:4:      layout_rooms, minmay_temple_entry_nine_rooms, minmay_distorted,
          uniq_grinder, uniq_pikel

Skill      XL: |  1  2  3  4  5  6  7 |
---------------+----------------------+-----
Conjurations   | 2 3 |  3.1
Spellcasting   | 5 |  5.7
Invocations    | 1 2 3 |  3.0
Fighting       | 1 2 |  2.7
Short Blades   | 1 2 |  2.7
Long Blades    | 1 2 |  2.7
Axes           | 1 2 |  2.7
Maces & Flails | 1 2 |  2.7
Polearms       | 1 2 |  2.7
Staves         | 1 2 |  2.7
Slings         | 1 2 |  2.7
Bows           | 1 2 |  2.7
Crossbows      | 1 2 |  2.7
Throwing       | 1 2 |  2.7
Armour         | 1 2 |  2.7
Shields        | 1 2 |  2.7
Unarmed Combat | 1 2 |  2.7
Evocations     | 1 2 |  2.7
Hexes          | 1 2 |  2.2
Summonings     | 1 2 |  2.2
Necromancy     | 1 2 |  2.2
Translocations | 1 2 |  2.2
Transmutations | 1 2 |  2.2
Ice Magic      | 1 2 |  2.2
Air Magic      | 1 2 |  2.2
Earth Magic    | 1 2 |  2.2
Poison Magic   | 1 2 |  2.2
Dodging        | 5 |  5.3
Stealth        | 5 |  5.0
Fire Magic     | |  5.9

Action                   |  1- 3 |  4- 6 |  7- 9 || total
-------------------------+-------+-------+-------++-------
Melee: Dagger            |     1 |     2 |       ||     3
       Long sword        |       |     2 |       ||     2
 Cast: Foxfire           |    70 |    75 |    29 ||   174
       Sticky Flame      |       |       |     2 ||     2
  Use: Scroll            |       |     2 |     3 ||     5
Armor: Robe              |       |     2 |     1 ||     3
Dodge: Dodged            |     5 |     8 |     9 ||    22
       Rpst.: Long sword |       |     1 |     3 ||     4

Table legend: (Time is in decaauts)
 A = Elapsed time spent in this place.
 B = Non-inter-level travel time spent in this place.
 C = Inter-level travel time spent in this place.
 D = Time resting spent in this place.
 E = Time spent auto-exploring this place.
 F = Levels seen in this place.
 G = Mean time per level.
                   A        B        C        D        E       F      G
               +--------+--------+--------+--------+--------+-----+--------+
         Total |   3220 |   3177 |     43 |    102 |   2541 |   4 |  805.0 |
       Dungeon |   3220 |   3177 |     43 |    102 |   2541 |   4 |  805.0 |
               +--------+--------+--------+--------+--------+-----+--------+

Top non-repeatable levels by time:
     D:3: 1333 daAuts
     D:1: 1012 daAuts
     D:4: 500 daAuts
     D:2: 374 daAuts
